AoeStats
← 3379631833

Arena

510269611Analyzed
1v1 RM · 19h ago on Sep 30, 2026· 47m 50s· 2 players
Game mode
Random Map
Map size
Tiny (2 player)
Population
200
Speed
Normal
Resources
Standard
Victory
Conquest
Starting age
Dark Age
Ending age
Imperial Age
RankedLock teamsTeams togetherTeam positionsShared explorationLock speedFull tech treeHidden civsTurbo modeCheats
Victory
Defeat
🇹🇷 Varangians · Türkiye
745
+17
🇨🇳 Magyars · China
769
-17
Laxy
10:24 Feudal Age
14:30 Castle Age
13:08 Double-Bit Axe
20:48 Horse Collar
21:55 Bow Saw
24:56 Heavy Plow
25:35 Gold Mining
25:42 Stone Mining
27:00 Forging
30:15 Imperial Age
30:24 Imperial Age
29:43 Wheelbarrow
29:01 Loom
29:02 Town Watch
31:31 Guilds
31:14 Treadmill Crane
32:35 Chemistry
32:03 Ballistics
32:28 Stone Shaft Mining
32:26 Crop Rotation
33:00 Two-Man Saw
32:10 Fletching
32:57 Bodkin Arrow
34:04 Hand Cart
33:53 Town Patrol
34:51 Conscription
34:02 Elite Jarl
35:39 Bracer
35:45 Scale Barding Armor
36:22 Forging
36:33 Bloodlines
36:24 Husbandry
37:59 Chain Barding Armor
38:24 Fortified Wall
39:06 Iron Casting
40:22 Siege Engineers
40:47 Cavalier
41:21 Vendel Legacy
43:35 Plate Barding Armor
44:07 Blast Furnace
3379631833
7:49 Loom
13:19 Feudal Age
15:21 Double-Bit Axe
20:20 Castle Age
18:27 Scale Mail Armor
18:26 Stone Mining
19:21 Gold Mining
22:11 Bow Saw
22:19 Pikeman
28:43 Gold Shaft Mining
29:51 Horse Collar
33:25 Murder Holes
38:57 Imperial Age
39:45 Scale Barding Armor
39:31 Cavalier
40:13 Husbandry
40:29 Cavalier
42:34 Chain Barding Armor
41:52 Elite Magyar Huszar
42:39 Corvinian Army
42:09 Sappers
42:44 Cavalier
44:32 Plate Barding Armor
45:59 Paladin
Connection lost

Rejoining the realm…

Still unreachable

The connection could not be restored.

Session expired

The server has moved on; the page needs a fresh start.